 Dungeon Crawl Stone Soup version 0.30.0-5-g1a98f26d00 (webtiles) character file.

Game seed: 16458353445004120348

2 wingedge the Charlatan (level 1, -1/14 HPs)
             Began as a Meteoran Wanderer on May 9, 2023.
             Slain by a hobgoblin (4 damage)
             ... on level 1 of the Dungeon.
             The game lasted 00:01:50 (114 turns).

wingedge the Charlatan (Meteoran Wanderer)           Turns: 114, Time: 00:01:51

Health: -1/14      AC:  3    Str: 14    XL:     1   Next: 57%
Magic:  3/3        EV: 11    Int: 14    God:
Gold:   18         SH:  0    Dex: 11    Spells: 1/2 levels left

rFire   . . .        a - +0 club
rCold   . . .        (no shield)
rNeg    . . .        d - +0 robe
rPois   .            (no helmet)
rElec   .            (no cloak)
rCorr   .            f - +0 pair of gloves
SInv    .            (no boots)
Will    .....        (no amulet)
Stlth   +            (no ring)
HPRegen 0.22/turn    (no ring)
MPRegen 0.08/turn

%: no passive effects
@: glowing
A: sense surroundings 1, otherworldly, glowing, explore regen
a: no special abilities


You were on level 1 of the Dungeon.
You visited 1 branch of the dungeon, and saw 1 of its levels.

You collected 18 gold pieces.

Inventory:

Hand Weapons
 a - a +0 club (weapon)
Armour
 d - a +0 robe (worn)
 f - a +0 pair of gloves (worn)
Wands
 e - a wand of iceblast (1)
Scrolls
 b - a scroll of teleportation
 c - a scroll of silence
 g - a scroll of identify {unknown}


   Skills:
 - Level 1.2 Armour
 - Level 1.3 Spellcasting
 + Level 4.9 Translocations
 + Level 0.3 Fire Magic
 + Level 4.9 Evocations


You had one spell level left.
You knew the following spells:

 Your Spells              Type           Power      Damage    Failure   Level
a - Apportation           Tloc           28%        N/A       3%          1

Your spell library contained the following spells:

 Spells                   Type           Power      Damage    Failure   Level
 Volatile Blastmotes      Fire/Tloc      16%        2d11      26%         3
 Portal Projectile        Hex/Tloc       14%        N/A       28%         3
 Call Canine Familiar     Summ           0%         N/A       58%         3
 Leda's Liquefaction      Hex/Erth       0%         N/A       94%         4


Dungeon Overview and Level Annotations

Branches:
Dungeon (1/15) Zot: 481

Altars:


Innate Abilities, Weirdness & Mutations

You passively map a small area around you.
You are easily found by Zot.
You glow in the dark.
You regain HP and MP as you explore.


Message History

g - a scroll labelled WYSACOR NAPP
Okay, then.
You closely miss the quokka. The quokka closely misses you.
The quokka barely misses you.
You closely miss the quokka. The quokka bites you.
You closely miss the quokka. The quokka bites you.
The quokka barely misses you.
Aiming: Iceblast
Press: ? - help, Shift-Dir - straight line The mass of ice explodes!
The iceblast engulfs the quokka!!
You kill the quokka!
You see here a quokka corpse.
A frilled lizard comes into view.
The frilled lizard hisses angrily.
A hobgoblin comes into view.
Aiming: Iceblast
Press: ? - help, Shift-Dir - straight line, f - hobgoblin
Aim: a hobgoblin (wandering, hasn't noticed you)
Okay, then.
The hobgoblin shouts!
You hear a bark! x3
Found a book of the Hunter.
You hear a bark! x2
You hear a bark!
You see here a book of the Hunter.
You pick up a book of the Hunter and begin reading...
You add the spells Call Canine Familiar, Portal Projectile and Leda's Liquefaction to your library.
You hit the hobgoblin but do no damage. The hobgoblin hits you. x2
You barely miss the hobgoblin. The hobgoblin hits you.
You barely miss the hobgoblin. The hobgoblin hits you.
You closely miss the hobgoblin. The hobgoblin misses you.
The hobgoblin hits you but does no damage.
You barely miss the hobgoblin. The hobgoblin hits you.
* * * LOW HITPOINT WARNING * * *
You hit the hobgoblin.
The hobgoblin is heavily wounded.
The hobgoblin hits you but does no damage.
You barely miss the hobgoblin.
The hobgoblin is heavily wounded.
The hobgoblin hits you.
You die...

#.....# #.#.##
, , ,* #.....#
#.#.# , *
#.....# #.#.# ,
####### #.#.#
,, ,, * #.#.#
** * , , #.#.#
* * ** ,
#.#.#,, ,
#.#.##### ** *
* #.#..@gl#,
#.#####.#######
,
#..............
#######l#######
*, ,.... , * *
##.### , #.# *
* #.# * * * #..
,,


You could see a hobgoblin and a frilled lizard.

Vanquished Creatures
  An endoplasm (D:1)
  A quokka (D:1)
2 creatures vanquished.

Notes
Turn   | Place    | Note
-------+----------+-------------------------------------------
     0 | D:1      | wingedge the Meteoran Wanderer began the quest for the Orb.
     0 | D:1      | wingedge set off with the following items: a +0 club, a
                  | scroll of teleportation, a scroll of silence, a +0 robe, a
                  | wand of iceblast (3); and the following spell memorised:
                  | Apportation; and the following spells available to
                  | memorise: Volatile Blastmotes.
     0 | D:1      | Reached XP level 1. HP: 14/14 MP: 3/3
   114 | D:1      | Slain by a hobgoblin

Illustrated notes

Levels and vault maps discovered:
D:1:      saegor_arrival_simple_b, layout_basic, serial_shops,
          nicolae_shop_just_a_little_nook

Action                     || total
---------------------------++-------
  Melee: Club              ||    13
  Evoke: Wand              ||     2
 Armour: Robe              ||     2
  Dodge: Dodged            ||     4
